 Dungeon Crawl Stone Soup version 0.30-a0-304-gdc4b735fe1 (webtiles) character file.

Game seed: 12807286895484136582

4991 Tiocfaidh the Sneak (level 10, -1/76 HPs)
             Began as a Vampire Berserker on Oct 20, 2022.
             Was a High Priest of Trog.
             Succumbed to an orange demon's poison
             ... in a bailey.
             The game lasted 00:46:35 (8180 turns).

Tiocfaidh the Sneak (Vampire Berserker)             Turns: 8180, Time: 00:46:36

Health: -1/76      AC: 11    Str: 24    XL:     10   Next: 29%
Magic:  10/10      EV: 16    Int: 11    God:    Trog [*****.]
Gold:   1213       SH:  5    Dex: 20    Spells: 9/9 levels left

rFire   . . .      SeeInvis +    J - +1 trident (venom)
rCold   . . .      Faith    .    (no shield)
rNeg    . . .      Spirit   .    z - +2 robe "Bydauduu" {Drain Dex+5 Slay+3}
rPois   .          Reflect  +    b - +2 helmet
rElec   .          Harm     .    n - +2 cloak
rCorr   +          Rampage  .    j - +0 pair of gloves
Will    +....                    (no boots)
Stlth   ++++......               B - amulet of reflection
HPRegen 0.52/turn                v - ring of resist corrosion
MPRegen 0.12/turn                w - +6 ring of strength

@: lethally poisoned (-1 -> -22), healing quickly
A: alive, fangs 3, see invisible, vampiric 2
a: Exsanguinate, Renounce Religion, Berserk, Trog's Hand, Brothers in Arms


You were in a bailey.
You worshipped Trog.
Trog was extremely pleased with you.
You visited 1 branch of the dungeon, and saw 8 of its levels.
You also visited: Ossuary and Bailey.

You collected 1213 gold pieces.

Inventory:

Hand Weapons
 d - a +0 whip of flaming
 J - a +1 trident of venom (weapon)
Armour
 b - a +2 helmet (worn)
 j - a +0 pair of gloves (worn)
 n - a +2 cloak (worn)
 z - the +2 robe "Bydauduu" (worn) {Drain Dex+5 Slay+3}
   (You found it on level 3 of the Dungeon)

   Dex:       It affects your dexterity (+5).
   Slay:      It affects your accuracy & damage with ranged weapons and melee
   (+3).
   Drain:     It drains your maximum health when unequipped.
Jewellery
 v - a ring of resist corrosion (left hand)
 w - a +6 ring of strength (right hand)
 x - a ring of flight
 B - an amulet of reflection (around neck)
Wands
 r - a wand of mindburst (9)
 E - a wand of flame (14)
Scrolls
 f - 5 scrolls of enchant weapon {unknown}
 h - a scroll of poison {unknown}
 k - 4 scrolls of fog {unknown}
 m - 7 scrolls of teleportation {unknown}
 q - 3 scrolls of amnesia {unknown}
 F - a scroll of brand weapon
Potions
 a - a potion of ambrosia {unknown}
 c - 8 potions of curing
 e - 5 potions of flight {unknown}
 g - a potion of degeneration {unknown}
 l - 6 potions of heal wounds {unknown}
 p - 2 potions of magic {unknown}
 t - a potion of invisibility {unknown}
 u - 2 potions of haste
 A - 5 potions of might {unknown}
 D - a potion of lignification {unknown}
 G - a potion of cancellation {unknown}
 H - a potion of resistance {unknown}
 I - a potion of berserk rage {unknown}


   Skills:
 + Level 6.1 Fighting
 + Level 3.6 Long Blades
 + Level 7.5 Maces & Flails
 + Level 3.0 Polearms
 + Level 3.6 Throwing
 + Level 1.6 Armour
 + Level 6.9 Dodging
 + Level 7.9 Stealth
 + Level 2.8 Shields


You had 9 spell levels left.
You didn't know any spells.
Your spell library was empty.

Dungeon Overview and Level Annotations

Branches:
Dungeon (8/15)             Temple (0/1) D:6            Lair (0/5) D:8
Ossuary (visited)          Bailey (1/1)

Altars:
Ashenzari
Gozag
Hepliaklqana
Makhleb
Qazlal
Sif Muna
Trog
Vehumet


Innate Abilities, Weirdness & Mutations

Your natural rate of healing is accelerated.
You have razor-sharp teeth.
You have supernaturally acute eyesight. (SInv)
You are afflicted with vampirism and can become a bat while bloodless.


Message History

Items here: ))) [[[ ÷.
The orc sorcerer mumbles some strange words.
You hit the goblin but do no damage.
The goblin is poisoned.
You block the goblin's attack.
You puncture the goblin!
You kill the goblin!
Trog accepts your kill.
Items here: ))) [[[ ÷.
The orc sorcerer mumbles some strange words.
You block the sixfirhy's attack. The sixfirhy misses you.
You block the sixfirhy's attack.
The sixfirhy hits you but does no damage.
The sixfirhy barely misses you. The sixfirhy hits you. The sixfirhy shocks you!
You puncture the sixfirhy!
The sixfirhy looks as sick as possible!
The sixfirhy is moderately wounded.
The orc sorcerer points at you and mumbles some strange words.
The bolt of negative energy hits the sixfirhy.
The sixfirhy completely resists.
The bolt of negative energy misses you.
The orc sorcerer gestures wildly while chanting.
You puncture the sixfirhy!
The sixfirhy looks as sick as possible!
The sixfirhy is heavily wounded.
The orange demon closely misses you.
You closely miss the sixfirhy.
The sixfirhy is heavily wounded.
The sixfirhy barely misses you. x2; You block the sixfirhy's attack.
The sixfirhy hits you. The sixfirhy shocks you! The orange demon misses you.
The sixfirhy hits you! The sixfirhy shocks you!
You hit the sixfirhy.
The sixfirhy is heavily wounded.
The sixfirhy hits you. The sixfirhy shocks you!
* * * LOW HITPOINT WARNING * * *
You block the sixfirhy's attack. The sixfirhy barely misses you.
The orange demon misses you. The orange demon stings you from afar!
* * * LOW HITPOINT WARNING * * *
You are lethally poisoned!
The orange demon poisons you!
Blink to where?
Press: ? - help, Dir - move target
As you read the scroll of blinking, it crumbles to dust.
You die...

≈≈≈≈≈≈≈≈≈≈≈...≈≈≈≈≈≈≈≈≈≈≈
≈≈≈≈≈≈≈≈≈≈≈...≈≈≈≈≈≈≈≈≈≈≈
≈≈≈≈≈≈≈≈≈≈≈...≈≈≈≈≈≈≈≈≈≈≈
≈≈≈≈≈≈≈≈≈≈≈...≈≈≈≈≈≈≈≈≈≈≈≈≈≈≈≈≈
##~~~~...~)~~######≈≈≈≈≈≈≈
#........)..#..'.#≈≈≈≈≈≈≈
#####'''#####..###≈≈≈≈≈≈≈
+....)'..#....#≈≈≈≈≈≈≈
+.....@..#....#≈≈≈≈≈≈≈
#..⌠..#..####)#≈≈≈≈≈≈≈
#.....#.....#.~≈≈≈≈≈≈≈
#.....#..)8.#.~≈≈≈≈≈≈≈
#######...).#.~≈≈≈≈≈≈≈
############8)#.~≈≈≈≈≈≈≈
......... #.§#.~≈≈≈≈≈≈≈ ..g....
#83#.~≈≈≈≈≈≈≈ .._o.
#4o#.~≈≈≈≈≈≈≈


You could see a sixfirhy (summoned, extremely poisoned).

Vanquished Creatures
  A kobold demonologist (Bailey)
  A hornet (D:7)
  7 yaks
  6 orc warriors
  4 ice beasts
  A sky beast (D:7)
  A centaur (D:7)
  2 ogres
  A phantom (D:6)
  2 bullfrogs
  13 scorpions
  A howler monkey (D:6)
  2 electric eels (Bailey)
  A centaur zombie (Ossuary)
  2 hounds
  3 jellies
  A gnoll bouda (D:6)
  5 human zombies (Ossuary)
  5 orc priests
  5 scorpion zombies (Ossuary)
  9 orc wizards
  3 mummies (Ossuary)
  12 gnolls
  6 adders
  A shadow imp (D:7)
  An ufetubus (D:5)
  2 worms
  A dart slug (D:2)
  24 orcs
  5 endoplasms
  5 giant cockroaches
  A gnoll zombie (Ossuary)
  12 goblins
  10 hobgoblins
  3 jackals (D:1)
  3 quokkas
  7 ball pythons
  6 bats
  5 frilled lizards
  2 goblin zombies (Ossuary)
  A hobgoblin zombie (Ossuary)
  5 kobolds
  A kobold zombie (Ossuary)
  An orc zombie (Ossuary)
  3 rats
193 creatures vanquished.

Vanquished Creatures (others)
  2 bushes (D:7)
  9 plants (D:4)
11 creatures vanquished.

Grand Total: 204 creatures vanquished

Notes
Turn   | Place    | Note
-------+----------+-------------------------------------------
     0 | D:1      | Tiocfaidh the Vampire Berserker began the quest for the
                  | Orb.
     0 | D:1      | Reached XP level 1. HP: 17/17 MP: 1/1
     0 | D:1      | Noticed a human
     1 | D:1      | Noticed an octopode
     2 | D:1      | Noticed a draconian
     2 | D:1      | Noticed a merfolk
     4 | D:1      | Noticed a demigod
     7 | D:1      | Noticed a human
     8 | D:1      | Noticed a vine stalker
     9 | D:1      | Noticed a felid
    11 | D:1      | Noticed a felid
    13 | D:1      | Noticed a tengu
    13 | D:1      | Noticed a troll
    15 | D:1      | Noticed a gargoyle
    17 | D:1      | Noticed a naga
    17 | D:1      | Noticed a vine stalker
    19 | D:1      | Noticed an ogre
    22 | D:1      | Noticed a demonspawn
   249 | D:1      | Reached XP level 2. HP: 22/23 MP: 2/2
   616 | D:1      | Reached ** piety under Trog
   870 | D:2      | Gained mutation: You are afflicted with vampirism and can
                  | become a bat while bloodless. [Vampire growth]
   870 | D:2      | Reached XP level 3. HP: 29/29 MP: 3/3
  1117 | D:2      | Reached skill level 1 in Maces & Flails
  1360 | D:2      | Reached XP level 4. HP: 26/35 MP: 4/4
  1836 | D:3      | Found a faded altar of an unknown god.
  2326 | D:3      | Identified the +2 robe "Bydauduu" {Drain Dex+5 Slay+3}
  2501 | D:3      | Reached XP level 5. HP: 35/41 MP: 5/5
  2504 | D:3      | Reached skill level 1 in Stealth
  2619 | D:4      | Noticed an ogre
  2711 | D:4      | Found a broken altar of Ashenzari.
  2713 | D:4      | Reached *** piety under Trog
  2868 | D:4      | Found an opulent altar of Gozag.
  3057 | D:4      | Found a sand-covered staircase.
  3062 | Ossuary  | Entered an ossuary
  3088 | Ossuary  | Reached XP level 6. HP: 47/47 MP: 6/6
  3287 | Ossuary  | Reached XP level 7. HP: 48/53 MP: 7/7
  3633 | Ossuary  | Reached skill level 5 in Maces & Flails
  3633 | Ossuary  | Reached XP level 8. HP: 61/61 MP: 8/8
  3794 | D:4      | Found a radiant altar of Vehumet.
  3883 | D:4      | Reached skill level 5 in Dodging
  4062 | D:4      | Found a stormy altar of Qazlal.
  4146 | D:5      | Entered Level 5 of the Dungeon
  4171 | D:5      | Found a burning altar of Makhleb.
  4234 | D:5      | Reached skill level 1 in Shields
  4374 | D:5      | Reached skill level 1 in Throwing
  4658 | D:5      | Found a bloodstained altar of Trog.
  4676 | D:5      | Found a shimmering blue altar of Sif Muna.
  4819 | D:5      | Reached skill level 5 in Fighting
  4958 | D:5      | Reached **** piety under Trog
  5041 | D:5      | Reached skill level 5 in Stealth
  5292 | D:6      | Reached XP level 9. HP: 49/68 MP: 9/9
  5610 | D:6      | Found a hazy altar of Hepliaklqana.
  5768 | D:6      | Found a staircase to the Ecumenical Temple.
  5772 | D:6      | Identified the +1 ring mail of Imueke {Int+4}
  6525 | D:7      | HP: 2/68 [hornet (4)]
  7295 | D:7      | Reached skill level 1 in Polearms
  7522 | D:8      | Reached XP level 10. HP: 60/76 MP: 10/10
  7547 | D:8      | Found a staircase to the Lair.
  7662 | D:8      | Found a flagged portal.
  7737 | Bailey   | Entered a bailey
  7886 | Bailey   | Reached ***** piety under Trog
  8116 | Bailey   | Acquired 790 gold pieces
  8135 | Bailey   | Found an iron altar of Okawaru.
  8135 | Bailey   | Noticed an orc sorcerer
  8168 | Bailey   | Noticed an orange demon
  8174 | Bailey   | Noticed a sixfirhy
  8180 | Bailey   | Succumbed to an orange demon's poison

Illustrated notes

Levels and vault maps discovered:
D:1:      shiori_arrival_whats_in_store_for_you, layout_loops_ring,
          minmay_misc_feat_diagonals, minmay_split_cup_small
D:2:      layout_basic, palyth_stone_intersect, minmay_pentomino_p4
D:3:      layout_basic, basic_ecumenical_altar
D:4:      wander_river, layout_loops_ring, ashenzari_altar_1,
          nicolae_vehumet_altar_sigil, nicolae_qazlal_eye_of_the_storm,
          mainiacjoe_overflow_concentric_impassable, enter_ossuary_2,
          serial_bayou_crossing
D:5:      layout_basic, lightli_temple_of_fire,
          nzn_overflow_gifts_of_might_and_magic
D:6:      layout_basic, nicolae_hepliaklqana_hazy_memory, temple_hall,
          kennysheep_flooded_box
D:7:      layout_gridville, minmay_hedge_maze
D:8:      layout_gridville, lair_entry_dummy, enter_bailey_8,
          grunt_ministairs_10, uniq_psyche
Bailey:   bailey_axe_of_yendor_kennysheep, bailey

Skill      XL: |  1  2  3  4  5  6  7  8  9 10 |
---------------+-------------------------------+-----
Fighting       | 3 4 5 6 |  6.1
Maces & Flails | 1 2 3 5 6 7 |  7.5
Dodging        | 3 4 5 6 |  6.9
Stealth        | 1 3 5 7 |  7.9
Shields        | 1 2 |  2.8
Throwing       | 2 3 |  3.6
Polearms       | 1 3 |  3.0
Long Blades    | |  3.6
Armour         | |  1.6

Action                   |  1- 3 |  4- 6 |  7- 9 | 10-12 || total
-------------------------+-------+-------+-------+-------++-------
Melee: Whip              |   115 |   153 |   295 |       ||   563
       Falchion          |    11 |       |       |       ||    11
       Bite              |     7 |    21 |    56 |     6 ||    90
       Punch             |       |     1 |     9 |       ||    10
       Trident           |       |       |    44 |    68 ||   112
Throw: Dart              |     1 |     5 |    15 |    10 ||    31
       Javelin           |       |       |    28 |     3 ||    31
       Throwing net      |       |       |     1 |       ||     1
Evoke: Wand              |       |       |       |     1 ||     1
  Use: Scroll            |       |       |    10 |     3 ||    13
       Potion            |       |       |     1 |       ||     1
 Stab: Sleeping          |       |     4 |     5 |       ||     9
       Distracted        |       |       |     2 |       ||     2
       Held in net/web   |       |       |     1 |       ||     1
Armor: Animal skin       |    28 |     7 |       |       ||    35
       Robe              |       |    27 |    64 |    10 ||   101
Dodge: Dodged            |    81 |    84 |   157 |    55 ||   377
Block: Other             |       |       |    49 |    12 ||    61
       Reflection        |       |       |     1 |       ||     1

Table legend: (Time is in decaauts)
 A = Elapsed time spent in this place.
 B = Non-inter-level travel time spent in this place.
 C = Inter-level travel time spent in this place.
 D = Time resting spent in this place.
 E = Time spent auto-exploring this place.
 F = Levels seen in this place.
 G = Mean time per level.
                   A        B        C        D        E       F      G
               +--------+--------+--------+--------+--------+-----+--------+
         Total |   8215 |   6315 |   1900 |    717 |      0 |  10 |  821.5 |
       Dungeon |   7081 |   5181 |   1900 |    417 |      0 |   8 |  885.1 |
       Ossuary |    674 |    674 |      0 |    164 |      0 |   1 |  674.0 |
        Bailey |    458 |    458 |      0 |    136 |      0 |   1 |  458.0 |
               +--------+--------+--------+--------+--------+-----+--------+

Top non-repeatable levels by time:
     D:6: 1441 daAuts
     D:5: 998 daAuts
     D:2: 983 daAuts
     D:7: 884 daAuts
     D:4: 842 daAuts
     D:1: 841 daAuts
     D:3: 837 daAuts
 Ossuary: 674 daAuts
  Bailey: 458 daAuts
     D:8: 252 daAuts
